 Dungeon Crawl Stone Soup version 0.30.0-16-gbe6223bb7e (webtiles) character file.

Game seed: 15254457034418702262

26 croobank the Sneak (level 3, -1/27 HPs)
             Began as a Human Brigand on May 20, 2023.
             Was a Believer of Zin.
             Slain by a worm (10 damage)
             ... on level 2 of the Dungeon.
             The game lasted 00:03:52 (946 turns).

croobank the Sneak (Human Brigand)                   Turns: 946, Time: 00:03:52

Health: -1/27      AC:  3    Str: 11    XL:     3   Next: 22%
Magic:  12/12      EV: 12    Int: 13    God:    Zin [**....]
Gold:   108        SH:  0    Dex: 14    Spells: 2/2 levels left

rFire   . . .        a - +2 dagger
rCold   . . .        (no shield)
rNeg    . . .        b - +0 robe
rPois   .            (no helmet)
rElec   .            c - +0 cloak
rCorr   .            (no gloves)
SInv    .            (no boots)
Will    .....        (no amulet)
Stlth   +++          n - ring of magical power
HPRegen 0.24/turn    (no ring)
MPRegen 0.13/turn

%: no passive effects
@: no status effects
A: no striking features
a: Renounce Religion, Recite, Vitalisation, Donate Gold


You were on level 2 of the Dungeon.
You worshipped Zin.
Zin was pleased with you.
You visited 1 branch of the dungeon, and saw 2 of its levels.

You collected 154 gold pieces.
You donated 46 gold pieces to Zin.

Inventory:

Hand Weapons
 a - a +2 dagger (weapon)
Missiles
 d - 8 poisoned darts (quivered)
 e - 3 curare-tipped darts
Armour
 b - a +0 robe (worn)
 c - a +0 cloak (worn)
Jewellery
 n - a ring of magical power (left hand)
Scrolls
 f - a scroll of fear {unknown}
 g - a scroll of acquirement {unknown}
 i - a scroll of summoning {unknown}
 j - 2 scrolls of vulnerability {unknown}
 k - 3 scrolls of identify
 l - a scroll of teleportation {unknown}
Potions
 m - a potion of curing {unknown}
 o - 2 potions of berserk rage {unknown}


   Skills:
 + Level 2.3 Fighting
 + Level 2.3 Short Blades
 + Level 2.3 Throwing
 + Level 1.4 Dodging
 + Level 4.2 Stealth
 + Level 0.4 Invocations


You had 2 spell levels left.
You didn't know any spells.
Your spell library contained the following spells:

 Spells                   Type           Power      Damage    Failure   Level
 Freeze                   Ice            0%         1d3       30%         1
 Frozen Ramparts          Ice            0%         1d1       67%         3
 Hailstorm                Conj/Ice       0%         3d3       67%         3


Dungeon Overview and Level Annotations

Branches:
Dungeon (2/15)

Altars:
Sif Muna
Zin


Message History

You hit the worm.
The worm is lightly wounded.
You hit the worm.
The worm is moderately wounded.
The worm bites you but does no damage.
You hit the worm.
The worm is heavily wounded.
You hit the worm but do no damage.
The worm is heavily wounded.
The worm closely misses you.
You barely miss the worm.
The worm is moderately wounded.
You hit the worm.
The worm is severely wounded.
The worm barely misses you.
You hit the worm but do no damage.
The worm is severely wounded.
You hit the worm.
The worm is severely wounded.
The worm bites you.
You hit the worm.
The worm is almost dead.
You hit the worm.
The worm is almost dead.
The worm bites you!
* * * LOW HITPOINT WARNING * * *
You barely miss the worm.
The worm is almost dead.
Okay, then.
You have 108 gold pieces.
Unknown command.
You feel much better. The worm bites you!
Throw: 9 darts (poison)
Press: ? - help, Q - select action, (/) - cycle Shift-Dir - straight line, f - worm
Aim: a worm (severely wounded, 79% to hit)
You throw a poisoned dart. The poisoned dart hits the worm.
The worm is poisoned.
The worm is severely wounded.
The worm bites you!
You die...

#...###.......# ..
#..#.#.#.###..######
#.##..##.##[# #........
#?..........###..#####<
####...#........)# #.
#.#.####.##...# #. #
#.# #.##...#####. #.#
#.##......##. #@#
#.##..###.#..
#..w......... #...#
).....####.###. ###..
######## # #. ##. #. #.
#. #. ###. #... #.##


You could see a worm (poisoned).

Vanquished Creatures
  5 endoplasms (D:1)
  A giant cockroach (D:2)
  3 goblins
  3 jackals (D:1)
  3 kobolds
  A quokka (D:1)
  2 ball pythons (D:1)
  A bat (D:1)
  A frilled lizard (D:1)
  4 rats
24 creatures vanquished.

Notes
Turn   | Place    | Note
-------+----------+-------------------------------------------
     0 | D:1      | croobank the Human Brigand began the quest for the Orb.
     0 | D:1      | Reached XP level 1. HP: 16/16 MP: 1/1
   104 | D:1      | Found a faded altar of an unknown god.
   124 | D:1      | Prayed at the altar of an unknown god.
   124 | D:1      | Became a worshipper of Zin the Law-Giver
   124 | D:1      | Reached * piety under Zin
   125 | D:1      | Donated 31 gold pieces to Zin
   191 | D:1      | Reached ** piety under Zin
   233 | D:1      | Reached XP level 2. HP: 17/22 MP: 2/2
   650 | D:1      | Reached XP level 3. HP: 27/27 MP: 3/3
   845 | D:2      | Found a shimmering blue altar of Sif Muna.
   946 | D:2      | Slain by a worm

Illustrated notes

Levels and vault maps discovered:
D:1:      co_arrival_square_in_a_square_in_a_square, layout_loops_ring,
          shapermc_ecumenical_altar_pompeii, minmay_split_cup_small
D:2:      layout_loops_ring, basic_altar

Action                     || total
---------------------------++-------
  Melee: Dagger            ||    75
  Throw: Dart              ||     4
 Invoke: Donate Gold       ||     1
    Use: Scroll            ||     2
         Potion            ||     1
   Stab: Sleeping          ||     9
 Armour: Robe              ||     7
  Dodge: Dodged            ||    27
